 Dungeon Crawl Stone Soup version 0.30-a0-778-g2ef04afb54 (console) character file.

Game seed: 17997683206886648541

119 rlgrobin the Chopper (level 5, -1/45 HPs)
             Began as a Meteoran Fighter on Feb 17, 2023.
             Slain by a gnoll
             ... wielding a +0 whip
             ... led by a gnoll bouda
              (4 damage)
             ... on level 4 of the Dungeon.
             The game lasted 00:00:55 (158 turns).

rlgrobin the Chopper (Meteoran Fighter)              Turns: 158, Time: 00:00:56

Health: -1/45      AC:  6    Str: 19    XL:     5   Next: 50%
Magic:  6/6        EV:  9    Int:  9    God:
Gold:   0          SH:  5    Dex: 14    Spells: 4/4 levels left

rFire   . . .      SeeInvis .    a - +0 war axe
rCold   . . .      Faith    .    c - +0 buckler
rNeg    . . .      Spirit   .    b - +0 scale mail
rPois   .          Reflect  .    (no helmet)
rElec   .          Harm     .    (no cloak)
rCorr   .          Rampage  .    (no gloves)
Will    .....                    (no boots) Stlth
                                 (no amulet)
HPRegen 0.27/turn                (no ring)
MPRegen 0.10/turn                (no ring)

@: mighty, glowing
A: sense surroundings 1, otherworldly, glowing, explore regen
a: no special abilities


You were on level 4 of the Dungeon.
You visited 1 branch of the dungeon, and saw 4 of its levels.

Inventory:

Hand Weapons
 a - a +0 war axe (weapon)
Missiles
 e - 4 poisoned darts (quivered)
Armour
 b - a +0 scale mail (worn)
 c - a +0 buckler (worn)
Wands
 f - a wand of paralysis (11)
Potions
 g - a potion of haste {unknown}


   Skills:
 - Level 3.2 Fighting
 + Level 6.1 Axes
 - Level 3.6 Armour
 - Level 3.6 Shields


You had 4 spell levels left.
You didn't know any spells.
Your spell library was empty.

Dungeon Overview and Level Annotations

Branches:
Dungeon (4/15) Zot: 2223
 Temple: D:4-7

Altars:


Innate Abilities, Weirdness & Mutations

You passively map a small area around you.
You are easily found by Zot.
You glow in the dark.
You regain HP and MP as you explore.


Message History

You have reached level 3!
Your experience leads to an increase in your attributes!
Increase (S)trength, (I)ntelligence, or (D)exterity?
You feel stronger. x2; You feel agile.
You have reached level 4!
You slash the endoplasm!
You kill the endoplasm!
You feel sick.
You feel sick. The gnoll hits you but does no damage.
You slice the gnoll bouda!!
You kill the gnoll bouda!
You closely miss the gnoll.
You feel sick.
You have reached level 5!
You barely miss the gnoll.
You feel sick. The gnoll hits you but does no damage.
You are too injured to fight recklessly!
You are too injured to fight recklessly!
You are too injured to fight recklessly!
You are too injured to fight recklessly!
You barely miss the gnoll. You slash the gnoll!
You feel sick.
You are no longer poisoned.
The gnoll hits you with a +0 whip. The gnoll barely misses you.
You slice the gnoll!!
You kill the gnoll!
You slash the gnoll! You block the gnoll's attack.
The gnoll closely misses you. You block the gnoll's attack.
You slash the gnoll!
The gnoll is severely wounded.
You closely miss the gnoll. The gnoll hits you with a +0 flail!
* * * LOW HITPOINT WARNING * * *
The gnoll hits you with a +0 whip!
* * * LOW HITPOINT WARNING * * *
You slash the gnoll!
You kill the gnoll!
You hit the gnoll. The gnoll closely misses you.
Your Axes skill increases to level 6!
You hit the gnoll.
The gnoll is almost dead.
You slash the gnoll! The gnoll hits you with a +0 whip.
You die...

* #.# .. *, ### #.#
#.., , ... ... .).
#.##.##.. *
#.#.#.#, * *#...#*
, *
#######.###.###. *
#[....<.........
,*.......#@########
* ,
..#.##..gg..!... #
###.####### , * #.#
, , #.# , * **, #.#
, ,* , #.# * , #.#


You could see 2 gnolls.

Vanquished Creatures
  A scorpion (D:4)
  A gnoll bouda (D:4)
  2 gnolls (D:4)
  A dart slug (D:1)
  4 bats
  An endoplasm (D:4)
  A giant cockroach (D:1)
  A goblin (D:1)
  A hobgoblin (D:1)
  A kobold (D:1)
  2 ball pythons
16 creatures vanquished.

Notes
Turn   | Place    | Note
-------+----------+-------------------------------------------
     0 | D:1      | rlgrobin the Meteoran Fighter began the quest for the Orb.
     0 | D:1      | Reached XP level 1. HP: 19/19 MP: 2/2
    28 | D:1      | Reached skill level 3 in Axes
    28 | D:1      | Reached XP level 2. HP: 26/26 MP: 3/3
   141 | D:4      | Noticed a scorpion
   149 | D:4      | Killed a scorpion
   150 | D:4      | Reached skill level 5 in Axes
   150 | D:4      | Reached XP level 3. HP: 18/31 MP: 4/4
   150 | D:4      | Reached XP level 4. HP: 22/38 MP: 5/5
   153 | D:4      | Reached XP level 5. HP: 23/45 MP: 6/6
   156 | D:4      | HP: 2/45 [gnoll/+0 whip[a gnoll bouda] (7)]
   158 | D:4      | Reached skill level 6 in Axes
   158 | D:4      | Slain by a gnoll

Illustrated notes

Levels and vault maps discovered:
D:1:      dpeg_arrival_castle, layout_basic
D:2:      minmay_recursive_quarters, layout_basic, serial_shops, shop, shop,
          nicolae_shop_stone, nicolae_shop_overgrown_old_shop
D:3:      layout_loops_ring, kennysheep_pointless_box
D:4:      layout_loops_ring, gammafunk_temple_overflow_wave,
          gup_sewer_entry_bubbles, minmay_misc_feat_enclosed

Skill      XL: |  1  2  3  4  5 |
---------------+----------------+-----
Axes           | 3 5 6 |  6.1
Fighting       | |  3.2
Armour         | |  3.6
Shields        | |  3.6

Action                     |  1- 3 |  4- 6 || total
---------------------------+-------+-------++-------
  Melee: War axe           |    38 |     8 ||    46
    Use: Potion            |     1 |       ||     1
 Armour: Scale mail        |    28 |     2 ||    30
  Dodge: Dodged            |    23 |     3 ||    26
  Block: Buckler           |    16 |     2 ||    18

Table legend: (Time is in decaauts)
 A = Elapsed time spent in this place.
 B = Non-inter-level travel time spent in this place.
 C = Inter-level travel time spent in this place.
 D = Time resting spent in this place.
 E = Time spent auto-exploring this place.
 F = Levels seen in this place.
 G = Mean time per level.
                   A        B        C        D        E       F      G
               +--------+--------+--------+--------+--------+-----+--------+
         Total |    174 |    174 |      0 |      0 |      0 |   4 |   43.5 |
       Dungeon |    174 |    174 |      0 |      0 |      0 |   4 |   43.5 |
               +--------+--------+--------+--------+--------+-----+--------+

Top non-repeatable levels by time:
     D:1: 76 daAuts
     D:3: 64 daAuts
     D:4: 20 daAuts
     D:2: 12 daAuts
